 Dungeon Crawl Stone Soup version 0.23.2 (webtiles) character file.

Game seed: 10064781453863119100

22990 Borgoz the Protected (level 13, -3/105 HPs)
             Began as a Ghoul Monk on Apr 5, 2019.
             Was an Elder of Ashenzari.
             Killed by divine providence
             ... invoked by a meliai
              (10 damage)
             ... on level 13 of the Dungeon.
             The game lasted 00:46:40 (16746 turns).

Borgoz the Protected (Ghoul Monk)                  Turns: 16746, Time: 00:46:41

Health: -3/105     AC:  7    Str: 19    XL:     13   Next: 3%
Magic:  0/19       EV: 19    Int:  9    God:    Ashenzari [****..]
Gold:   270        SH:  0    Dex: 15    Spells: 12/22 levels left

rFire    . . .     SeeInvis +   k - +3 short sword (elec) (curse)
rCold    + . .     Gourm    .   (no shield)
rNeg     + + +     Faith    .   R - +0 leather armour "Neosal" {rElec Int+2 Dex+2 SInv}
rPois    ∞         Spirit   +   (no helmet)
rElec    +         Reflect  .   (no cloak)
rCorr    .         Harm     .   l - +2 pair of gloves (curse)
MR       +....     Clarity  +   (no boots)
Stlth    +++.......             j - amulet of guardian spirit (curse)
HPRegen  0.00/turn              C - +3 ring of strength
MPRegen  0.16/turn              p - ring of protection from magic

@: rotting
A: rotting body, claws 1, carnivore, cold resistance 1, negative energy
resistance 3, inhibited regeneration, torment resistance, unbreathing
a: Curse Item, Scrying, Renounce Religion


You were on level 13 of the Dungeon.
You worshipped Ashenzari.
Ashenzari was greatly pleased with you.
You were not hungry.

You visited 2 branches of the dungeon, and saw 16 of its levels.

You collected 844 gold pieces.
You spent 574 gold pieces at shops.

Inventory:

Hand Weapons
 a - a +1 rapier of flaming
 b - a +2 dagger of draining
 h - a +1 double sword of electrocution
 k - a cursed +3 short sword of electrocution (weapon)
 H - a +0 short sword of electrocution
 I - a +0 rapier
Missiles
 o - 3 tomahawks of returning (quivered)
 G - 38 bolts
 U - 4 tomahawks
Armour
 i - a +2 plate armour
 l - a cursed +2 pair of gloves (worn)
 B - a +0 troll leather armour
 R - the +0 leather armour "Neosal" (worn) {rElec Int+2 Dex+2 SInv}
   (You bought it in a shop on level 12 of the Dungeon)

   It affects your intelligence (+2).
   It affects your dexterity (+2).
   It insulates you from electricity.
   It lets you see invisible.
Jewellery
 d - an uncursed amulet of the acrobat
 g - an uncursed ring of stealth
 j - a cursed amulet of guardian spirit (around neck)
 m - an uncursed ring of magical power
 p - a ring of protection from magic (right hand)
 r - an uncursed ring of wizardry
 s - an uncursed ring of protection from cold
 t - an uncursed ring of resist corrosion
 u - an uncursed ring of protection from cold
 w - a +3 ring of intelligence
 C - a +3 ring of strength (left hand)
 F - an uncursed amulet of magic regeneration
 O - a +3 ring of strength
 T - a +3 ring of dexterity
Wands
 q - a wand of clouds (2)
 v - a wand of paralysis (10)
 E - a wand of flame (15)
 P - a wand of iceblast (12)
Scrolls
 e - 5 scrolls of teleportation
 n - a scroll of silence
 y - a scroll of fear
 z - 4 scrolls of blinking
 D - 3 scrolls of amnesia
 L - 2 scrolls of remove curse
 S - a scroll of magic mapping
Potions
 f - a potion of might
 J - a potion of cancellation
 M - a potion of magic
 N - a potion of brilliance
 Q - a potion of haste
Comestibles
 c - 24 rations


   Skills:
 + Level 7.4 Fighting
 + Level 8.6(12.0) Short Blades
 * Level 10.4 Armour
 * Level 10.4 Dodging
 - Level 5.1 Stealth
 - Level 5.0 Spellcasting
 - Level 3.0 Hexes
 - Level 3.1 Ice Magic
 + Level 4.3 Evocations


You had 12 spell levels left.
You knew the following spells:

 Your Spells              Type           Power        Failure   Level  Hunger
a - Ensorcelled Hibernat  Hex/Ice        #.....       12%         2    ##.....
b - Confuse               Hex            #.......     24%         3    ###....
c - Blink                 Tloc           N/A          38%         2    ##.....
d - Mephitic Cloud        Conj/Pois/Air  #.......     63%         3    ###....

Your spell library contained the following spells:

 Spells                   Type           Power        Failure   Level  Hunger
 Freeze                   Ice            #...         8%          1    #......
 Corona                   Hex            #......      9%          1    #......
 Slow                     Hex            #.......     12%         2    ##.....
 Throw Frost              Conj/Ice       #.....       22%         2    ##.....
 Tukima's Dance           Hex            #.......     24%         3    ###....
 Magic Dart               Conj           #...         28%         1    #......
 Call Imp                 Summ           #.......     38%         2    ##.....
 Dazzling Spray           Conj/Hex       #.....       41%         3    ###....
 Ozocubu's Armour         Chrm/Ice       #.......     41%         3    ###....
 Conjure Flame            Conj/Fire      #.......     63%         3    ###....
 Summon Ice Beast         Ice/Summ       #.......     83%         4    #####..
 Throw Icicle             Conj/Ice       #.......     83%         4    #####..


Dungeon Overview and Level Annotations

Branches:
Dungeon (15/15)            Temple (1/1) D:6            Lair (0/6) D:8
    Orc (0/2) D:9          Depths (0/5) D:15
 Vaults: D:13-14

Altars:
Ashenzari
Cheibriados
Dithmenos
Elyvilon
Fedhas
Gozag
Hepliaklqana
Kikubaaqudgha
Makhleb
Nemelex Xobeh
Okawaru
Qazlal
Ru
Sif Muna
Trog
Uskayaw
Vehumet
Wu Jian
Xom
Yredelemnul
Zin
The Shining One

Shops:
D:7 !   D:8 [   D:12 =}![

Annotations:
D:7 2 transporters, grocchini's ghost, novice OgBe
D:9 1 runed translucent door, kalagan's ghost, journeyman DgEE


Innate Abilities, Weirdness & Mutations

Your body is rotting away.
You thrive on raw meat.
You are immune to poison.
You have sharp fingernails.
You are carnivorous and can eat meat at any time.
Your flesh is cold resistant. (rC+)
You are immune to negative energy. (rN+++)
You do not regenerate when monsters are visible.
You are immune to unholy pain and torment.
You can survive without breathing.


Message History

You hit the meliai. Lightning courses through the meliai!
You kill the meliai!
You hit the meliai but do no damage. The meliai completely misses you.
The meliai stings you.
* * * LOW HITPOINT WARNING * * *
You miss the meliai. The meliai hits you with a +0 war axe.
* * * LOW HITPOINT WARNING * * *
The meliai closely misses you.
You hit the meliai. Lightning courses through the meliai!
The meliai is heavily wounded.
The meliai hits you with a +0 war axe!!
* * * LOW HITPOINT WARNING * * *
The meliai completely misses you.
You feel better.
The meliai calls down the wrath of its god upon you.
Something smites you!
* * * LOW HITPOINT WARNING * * *
The meliai calls down the wrath of its god upon you.
Something smites you!
You die...

#.........#
#.........#
#.........#
#.........#
#######.........#
##...#...........#
.....#...........#
.....#.....).....#
.....#.....#####@#
.....#.....#####y#
.....#...........#
#....#...........#
#....#...........#
.....#...........#
.....#,..........#
.....# ..........#
.....#,..........#


You could see a meliai.

Vanquished Creatures
  4 slime creatures (D:12)
  Erolcha (D:12)
  A vault guard (D:15)
  A hydra (D:12)
  Erica (D:9)
  A centaur warrior (D:13)
  A death knight (D:12)
  A two-headed ogre (D:9)
  A tengu warrior (D:14)
  Urug (D:13)
  An unseen horror (D:12)
  Pikel (D:6)
  2 manticores
  5 ugly things
  Joseph (D:9)
  2 centaur skeletons
  A gargoyle (D:12)
  A komodo dragon (D:8)
  An efreet (D:12)
  2 meliai (D:13)
  A troll (D:12)
  A hornet (D:12)
  A meliai zombie (D:12)
  4 hippogriffs
  A centaur simulacrum (D:15)
  2 shadows
  A vampire (D:11)
  A wyvern (D:12)
  A basilisk (D:15)
  2 vampire mosquitoes (D:13)
  4 hungry ghosts
  A soldier ant (D:12)
  3 sky beasts
  A floating eye (D:15)
  4 slaves (D:6)
  2 phantoms
  7 orc warriors
  2 black bears
  An eye of draining (shapeshifter) (D:13)
  5 ogres
  4 ice beasts
  3 centaurs
  2 big kobolds
  Blork the orc (D:6)
  6 bullfrogs
  3 scorpions
  2 troll zombies (D:9)
  12 killer bees
  3 howler monkeys
  5 wights
  4 electric eels (D:9)
  2 bullfrog zombies
  2 jellies
  7 crimson imps
  9 orc priests
  12 orc wizards
  3 bullfrog skeletons
  4 hounds
  3 iguanas
  Natasha (thrice) (D:3)
  8 worker ants
  6 ogre zombies (D:9)
  A hound zombie (D:6)
  A hound skeleton (D:10)
  A howler monkey zombie (D:6)
  A worker ant zombie (D:8)
  12 adders
  8 gnolls
  2 shadow imps
  An ooze (D:1)
  2 adder skeletons
  An adder zombie (D:7)
  2 worms (D:2)
  2 dart slugs (D:1)
  3 leopard geckos
  38 orcs
  2 ball pythons
  8 giant cockroaches
  3 goblins
  8 hobgoblins
  3 jackals (D:2)
  16 kobolds
  9 quokkas
  6 bats
  4 frilled lizards
  A goblin skeleton (D:9)
  4 goblin zombies (D:9)
  4 hobgoblin zombies (D:9)
  A jackal zombie (D:6)
  A leopard gecko skeleton (D:4)
  A leopard gecko zombie (D:5)
  4 orc skeletons (D:9)
  12 orc zombies (D:9)
  A quokka skeleton (D:8)
  6 rats
348 creatures vanquished.

Vanquished Creatures (others)
  4 plants
  2 withered plants (D:9)
6 creatures vanquished.

Grand Total: 354 creatures vanquished

Notes
Turn   | Place    | Note
-------+----------+-------------------------------------------
     0 | D:1      | Borgoz the Ghoul Monk began the quest for the Orb.
     0 | D:1      | Reached XP level 1. HP: 19/19 MP: 0/0
   239 | D:1      | Reached XP level 2. HP: 21/26 MP: 1/1
   259 | D:1      | Reached skill level 1 in Armour
   835 | D:1      | Reached XP level 3. HP: 31/31 MP: 2/2
  1415 | D:2      | Found a faded altar of an unknown god.
  1553 | D:2      | Found a hide-covered altar of Uskayaw.
  1565 | D:2      | Reached XP level 4. HP: 32/38 MP: 3/3
  2293 | D:3      | Learned a level 2 spell: Ensorcelled Hibernation
  2448 | D:3      | Noticed a bullfrog
  2469 | D:3      | Killed a bullfrog
  2469 | D:3      | Reached skill level 1 in Ice Magic
  2469 | D:3      | Reached XP level 5. HP: 28/45 MP: 4/4
  2478 | D:3      | Reached XP level 6. HP: 32/51 MP: 5/5
  2657 | D:3      | Noticed Natasha
  2676 | D:3      | Killed Natasha
  2770 | D:3      | Noticed Natasha
  2786 | D:3      | Killed Natasha
  2851 | D:3      | Noticed Natasha
  3029 | D:3      | Killed Natasha
  3242 | D:3      | Found a basalt altar of Yredelemnul.
  3651 | D:4      | Found an opulent altar of Gozag.
  3926 | D:5      | Entered Level 5 of the Dungeon
  4103 | D:5      | Reached XP level 7. HP: 12/57 MP: 6/6
  4710 | D:5      | Found a stormy altar of Qazlal.
  4998 | D:6      | Found a staircase to the Ecumenical Temple.
  5146 | Temple   | Entered the Ecumenical Temple
  5203 | Temple   | Became a worshipper of Ashenzari the Shackled
  5203 | Temple   | Reached * piety under Ashenzari
  5203 | Temple   | Reached ** piety under Ashenzari
  5442 | D:6      | Noticed Blork the orc
  5464 | D:6      | Killed Blork the orc
  5464 | D:6      | Reached skill level 5 in Armour
  5534 | D:6      | Reached XP level 8. HP: 19/63 MP: 7/7
  5805 | D:6      | Noticed Pikel
  5906 | D:6      | Killed Pikel
  5906 | D:6      | Reached skill level 5 in Short Blades
  5906 | D:6      | Reached skill level 5 in Dodging
  6142 | D:6      | Found an ornate altar of the Wu Jian Council.
  6340 | D:6      | Reached skill level 1 in Hexes
  6340 | D:6      | Reached XP level 9. HP: 43/71 MP: 4/9
  6361 | D:6      | Learned a level 3 spell: Confuse
  6769 | D:7      | Reached skill level 1 in Spellcasting
  7000 | D:7      | Found Diedulea's Distillery.
  7004 | D:7      | Bought 2 potions of might for 96 gold pieces
  7004 | D:7      | Bought a potion of heal wounds for 60 gold pieces
  7098 | D:7      | Found a transporter.
  7286 | D:7      | Found a burning altar of Makhleb.
  7287 | D:7      | Found a radiant altar of Vehumet.
  7437 | D:7      | Noticed grocchini's ghost (novice OgBe)
  7451 | D:7      | Found a transporter.
  7557 | D:8      | Found a staircase to the Lair.
  7558 | D:8      | Noticed a komodo dragon
  7579 | D:8      | Killed a komodo dragon
  7924 | D:8      | Found a blossoming altar of Fedhas.
  8197 | D:8      | Found Meelehae's Armour Shoppe.
  8386 | D:8      | Found a snail-covered altar of Cheibriados.
  8388 | D:8      | Found a sparkling altar of Nemelex Xobeh.
  8389 | D:8      | Found a hazy altar of Hepliaklqana.
  8466 | D:8      | Reached *** piety under Ashenzari
  8606 | D:8      | Found a white marble altar of Elyvilon.
  8697 | D:8      | Reached XP level 10. HP: 71/80 MP: 10/12
  8722 | D:9      | Reached skill level 5 in Fighting
  9884 | D:9      | Noticed Erica
  9898 | D:9      | Killed Erica
  9899 | D:9      | Noticed Joseph
  9917 | D:9      | Killed Joseph
  9931 | D:9      | Found a deep blue altar of Sif Muna.
 10258 | D:9      | Found a staircase to the Orcish Mines.
 10638 | D:9      | Noticed a two-headed ogre
 10666 | D:9      | Killed a two-headed ogre
 10666 | D:9      | Reached XP level 11. HP: 43/86 MP: 9/16
 11059 | D:9      | Found a runed translucent door.
 11059 | D:9      | Noticed kalagan's ghost (journeyman DgEE)
 11190 | D:10     | Entered Level 10 of the Dungeon
 12064 | D:11     | Noticed a white ugly thing
 12071 | D:11     | Killed a white ugly thing
 12071 | D:11     | Reached skill level 1 in Evocations
 12730 | D:11     | Identified the +8 long sword "Taorum" {slice, rF- Int+8}
 13100 | D:12     | Noticed an unseen horror
 13125 | D:12     | Killed an unseen horror
 13156 | D:12     | Found Noyblalu's Distillery.
 13193 | D:12     | Noticed a cyan ugly thing
 13212 | D:12     | You fall through a shaft for 2 floors!
 13212 | D:14     | Reached **** piety under Ashenzari
 13212 | D:14     | Noticed a tengu warrior
 13217 | D:14     | You fall through a shaft!
 13217 | D:15     | Entered Level 15 of the Dungeon
 13500 | D:15     | Noticed a vault guard
 13505 | D:15     | Found a white marble altar of Elyvilon.
 13505 | D:15     | Paralysed by a floating eye for 2 turns
 13537 | D:15     | Killed a vault guard
 13964 | D:14     | Killed a tengu warrior
 14225 | D:13     | Reached XP level 12. HP: 86/96 MP: 18/18
 14278 | D:13     | Reached skill level 5 in Spellcasting
 14326 | D:12     | Noticed a death knight
 14349 | D:12     | Killed a death knight
 14511 | D:12     | Noticed a five-headed hydra
 14517 | D:12     | Killed a five-headed hydra
 14553 | D:12     | Found a shimmering altar of Xom.
 14555 | D:12     | Found a shimmering altar of Xom.
 14567 | D:12     | Found a shimmering altar of Xom.
 14568 | D:12     | Found a shimmering altar of Xom.
 14606 | D:12     | Found Koujoull's Gadget Boutique.
 14629 | D:12     | Found Golilola's Jewellery Emporium.
 14697 | D:12     | Bought a potion of curing for 33 gold pieces
 14697 | D:12     | Bought a potion of haste for 110 gold pieces
 14697 | D:12     | Bought a potion of might for 44 gold pieces
 14723 | D:12     | Found Lytoydwo's Antique Armour Boutique.
 14733 | D:12     | Bought a polished leather armour for 231 gold pieces
 15039 | D:12     | Identified the +0 leather armour "Neosal" {rElec Int+2
                  | Dex+2 SInv} (You bought it in a shop on level 12 of the
                  | Dungeon)
 15419 | D:12     | Reached skill level 10 in Armour
 15419 | D:12     | Reached skill level 10 in Dodging
 15481 | D:12     | Noticed Erolcha
 15506 | D:12     | Killed Erolcha
 15790 | D:12     | Learned a level 2 spell: Blink
 15794 | D:12     | Learned a level 3 spell: Mephitic Cloud
 16335 | D:13     | Noticed Urug
 16371 | D:13     | Killed Urug
 16532 | D:13     | Noticed a centaur warrior
 16551 | D:13     | Killed a centaur warrior
 16551 | D:13     | Reached skill level 5 in Stealth
 16551 | D:13     | Reached XP level 13. HP: 47/104 MP: 12/19
 16746 | D:13     | Killed from afar by a meliai

Skill      XL: |  1  2  3  4  5  6  7  8  9 10 11 12 |
---------------+-------------------------------------+-----
Armour         | 1 2 3 4 5 6 7 8 9 10 | 10.4
Short Blades   | 3 4 5 6 7 8 |  8.6
Dodging        | 3 4 5 6 8 9 10 | 10.4
Ice Magic      | 1 2 3 |  3.1
Hexes          | 1 2 3 |  3.0
Spellcasting   | 2 4 5 |  5.0
Fighting       | 4 5 6 7 |  7.4
Evocations     | 2 4 |  4.3
Stealth        | 4 5 |  5.1

Action                   |  1- 3 |  4- 6 |  7- 9 | 10-12 | 13-15 || total
-------------------------+-------+-------+-------+-------+-------++-------
Melee: Short sword       |   156 |   328 |    30 |  1141 |    20 ||  1675
       Rapier            |       |    47 |   538 |       |       ||   585
       Dagger            |       |       |    82 |       |       ||    82
Throw: Throwing net      |       |       |     2 |     3 |       ||     5
Invok: Curse Item        |       |       |     5 |       |       ||     5
Evoke: Wand              |       |       |     1 |    34 |     1 ||    36
  Use: Scroll            |       |     5 |    12 |    16 |       ||    33
       Potion            |       |     6 |     7 |     9 |     4 ||    26
 Stab: Sleeping          |     2 |       |       |     3 |       ||     5
       Held in net/web   |       |       |     2 |     4 |       ||     6
       Invisible         |       |       |     1 |       |       ||     1
       Paralysed         |       |       |     1 |     7 |       ||     8
       Confused          |       |       |       |     4 |       ||     4
  Eat: Chunk             |     7 |    11 |    27 |    40 |     1 ||    86
Armor: Robe              |     9 |       |       |       |       ||     9
       Plate armour      |   113 |   313 |   385 |   311 |       ||  1122
       Leather armour    |       |       |       |    15 |     4 ||    19
Dodge: Dodged            |    58 |   112 |   187 |   306 |    31 ||   694
